 Dungeon Crawl Stone Soup version 0.31.0-11-ge490571c62 (webtiles) character file.

Game seed: 6477751004858005703

289 jasper the Apothecary (level 6, -8/32 HPs)
             Began as a Vampire Alchemist on Feb 2, 2024.
             Was a Believer of Sif Muna.
             Killed by psychic fangs
             ... invoked by a brain worm
              (12 damage)
             ... in a sewer.
             The game lasted 00:04:44 (3548 turns).

jasper the Apothecary (Vampire Alchemist)           Turns: 3548, Time: 00:04:45

Health: -8/32      AC:  3    Str:  7    XL:     6   Next: 9%
Magic:  0/9        EV: 12    Int: 20    God:    Sif Muna [**....]
Gold:   95         SH:  0    Dex: 14    Spells: 1/9 levels left

rFire   . . .        g - +0 short sword
rCold   + + .        (no shield)
rNeg    + + +        a - +0 robe
rPois   ∞            (no helmet)
rElec   .            (no cloak)
rCorr   .            (no gloves)
SInv    +            e - +0 pair of boots
Will    .....        (no amulet)
Stlth   ++           n - ring of positive energy
HPRegen 0.00/turn    (no ring)
MPRegen 0.11/turn

%: no passive effects
@: very slightly contaminated, bloodless, inhibited regen, very slow
A: bloodless, fangs 3, see invisible, vampiric 2
a: Bat Form, Revivify, Renounce Religion, Channel Magic


You were in a sewer.
You worshipped Sif Muna.
Sif Muna was pleased with you.
You visited 1 branch of the dungeon, and saw 3 of its levels.
You also visited: Sewer.

You collected 95 gold pieces.

Inventory:

Hand Weapons
 c - a +0 club
 g - a +0 short sword (weapon)
Missiles
 j - 4 boomerangs
Armour
 a - a +0 robe (worn)
 e - a +0 pair of boots (worn)
 o - a scarf of invisibility
Jewellery
 l - a ring of fire
 n - a ring of positive energy (left hand)
Scrolls
 d - 2 scrolls of teleportation {unknown}
 f - 6 scrolls of identify {unknown}
 h - 2 scrolls of revelation {unknown}
 i - 3 scrolls of butterflies {unknown}
 k - a scroll of silence {unknown}
 m - a scroll of fog {unknown}
 q - a scroll of blinking {unknown}
Potions
 b - a potion of magic
 p - a potion of brilliance {unknown}


   Skills:
 - Level 2.4 Dodging
 - Level 3.4 Stealth
 - Level 2.1 Spellcasting
 - Level 1.0 Conjurations
 + Level 7.1 Alchemy


You had one spell level left.
You knew the following spells:

 Your Spells              Type           Power      Damage    Failure   Level
a - Sting                 Conj/Alch      72%        1d7       3%          1
b - Mephitic Cloud        Conj/Alch/Air  13%        N/A       16%         3
c - Olgreb's Toxic Radia  Alch           30%        N/A       9%          4

Your spell library contained the following spells:

 Spells                   Type           Power      Damage    Failure   Level
 Mercury Vapours          Alch/Air       32%        N/A       5%          2
 Sticky Flame             Fire/Alch      16%        2d5       34%         4
 Hailstorm                Conj/Ice       4%         3d5       36%         3
 Summon Ice Beast         Ice/Summ       2%         N/A       43%         3
 Tukima's Dance           Hex            2%         N/A       43%         3
 Yara's Violent Unravell  Hex/Alch       8%         3d5       69%         5
 Passage of Golubria      Tloc           2%         N/A       83%         4
 Sculpt Simulacrum        Ice/Alch       8%         N/A       99%         6


Dungeon Overview and Level Annotations

Branches:
Dungeon (3/15)              Sewer (1/1)

Altars:
Sif Muna


Innate Abilities, Weirdness & Mutations

You do not regenerate when monsters are visible.
You are frail without blood (-20% HP).
You can heal yourself when you bite living creatures.
You are immune to poison.
You have razor-sharp teeth.
You have supernaturally acute eyesight. (SInv)
You are afflicted with vampirism and can become a bat while bloodless.


Message History

Things that are here:
a +0 whip; 4 stones; a kobold corpse You enter the shallow water.
Moving in this stuff is going to be slow.
q - a scroll labelled CIWEOM NAIMOV You see here a rat corpse.
You enter the shallow water.
Moving in this stuff is going to be slow.
You enter the shallow water.
Moving in this stuff is going to be slow.
You enter the shallow water.
Moving in this stuff is going to be slow.
You see here a brain worm corpse.
You enter the shallow water.
Moving in this stuff is going to be slow.
A brain worm comes into view.
Casting: Olgreb's Toxic Radiance (quite dangerous; 9% risk of failure)
Confirm with . or Enter, or press ? or * to list all spells.
You miscast Olgreb's Toxic Radiance.
You are very lightly contaminated with residual magic.
Nothing appears to happen.
Casting: Olgreb's Toxic Radiance (quite dangerous; 9% risk of failure)
Confirm with . or Enter, or press ? or * to list all spells.
Okay, then.
Casting: Olgreb's Toxic Radiance (quite dangerous; 9% risk of failure)
Confirm with . or Enter, or press ? or * to list all spells.
You miscast Olgreb's Toxic Radiance.
Parts of your body briefly turn golden.
Casting: Olgreb's Toxic Radiance (quite dangerous; 9% risk of failure)
Confirm with . or Enter, or press ? or * to list all spells.
You don't have enough magic to cast this spell.
The brain worm's bulging head throbs.
Something gnaws heavily on your mind!
You feel your power leaking away.
The brain worm's bulging head throbs.
Something gnaws heavily on your mind!
* * * LOW HITPOINT WARNING * * *
You feel your power leaking away.
The brain worm's bulging head throbs.
Something gnaws heavily on your mind!
You die...

#~# #.~~#~######. #~#
#..~#~#~~)~~. #w#
###~#~######~ #~###
#.##~#.~..~~ ≈ #~#~#
##~#~#..~.~. ≈≈
#~#.####.####.~.~# ≈≈≈
#~#~~~~~~~~~~P~~.# ≈≈≈≈
#~#.#########.~.## ≈≈≈≈≈
#@#..~.~~~~)....~~
≈≈≈≈≈≈#~#~.~..~.....~~##
≈≈≈≈≈≈~...~..~.~..~~~~.#
≈≈≈≈≈≈~~.~.~.P....~.~~~#
≈≈≈≈≈≈≈~~.~.P.~~~~...~.#
≈≈≈≈≈≈≈~.~..~P.P..~...~~
≈≈≈≈≈≈≈≈~.~#~#.~P~.~.~~.
≈≈≈≈≈≈≈≈~~.#~#~~~P~..~.~
≈≈≈≈≈≈≈≈≈≈≈≈#~#≈≈~~......


You could see a brain worm.

Vanquished Creatures
  A kobold brigand (Sewer)
  A brain worm (Sewer)
  3 gnolls (D:3)
  4 adders
  3 river rats
  A dart slug (D:3)
  2 endoplasms
  5 goblins
  8 hobgoblins
  8 jackals
  A quokka (D:2)
  4 ball pythons
  5 bats
  5 frilled lizards
  9 kobolds
  6 rats
66 creatures vanquished.

Notes
Turn   | Place    | Note
-------+----------+-------------------------------------------
     0 | D:1      | jasper the Vampire Alchemist began the quest for the Orb.
     0 | D:1      | Reached XP level 1. HP: 13/13 MP: 3/3
   278 | D:1      | Found a faded altar of an unknown god.
   367 | D:1      | Prayed at the altar of an unknown god.
   367 | D:1      | Became a worshipper of Sif Muna the Loreminder
   367 | D:1      | Reached * piety under Sif Muna
   389 | D:1      | Reached XP level 2. HP: 16/19 MP: 0/5
   694 | D:1      | Reached skill level 1 in Conjurations
  1480 | D:2      | Reached skill level 4 in Alchemy
  1480 | D:2      | Gained mutation: You are afflicted with vampirism and can
                  | become a bat while bloodless. [Vampire growth]
  1480 | D:2      | Reached XP level 3. HP: 18/24 MP: 0/6
  1619 | D:2      | Learned a level 3 spell: Mephitic Cloud
  2301 | D:3      | Reached skill level 5 in Alchemy
  2301 | D:3      | Reached XP level 4. HP: 30/30 MP: 1/7
  2527 | D:3      | Reached ** piety under Sif Muna
  2590 | D:3      | Found a glowing drain.
  2623 | Sewer    | Entered a sewer
  2776 | Sewer    | Noticed a kobold brigand
  2797 | Sewer    | Killed a kobold brigand
  2798 | Sewer    | Reached skill level 6 in Alchemy
  2798 | Sewer    | Reached XP level 5. HP: 16/28 MP: 1/8
  2861 | Sewer    | Learned a level 4 spell: Olgreb's Toxic Radiance
  3350 | Sewer    | Reached skill level 7 in Alchemy
  3350 | Sewer    | Reached XP level 6. HP: 24/32 MP: 2/9
  3548 | Sewer    | Killed from afar by a brain worm

Illustrated notes

Levels and vault maps discovered:
D:1:      scummos_arrival_gate, layout_basic, ebering_ecumenical_altar_box,
          nicolae_figureground_pulse
D:2:      layout_loops_ring, minmay_crystal_room
D:3:      layout_basic, cheibrodos_sewer_entry_sluice, grunt_ministairs_13
Sewer:    sewer_co_scattered_pipes

Skill      XL: |  1  2  3  4  5 |
---------------+----------------+-----
Conjurations   | 1 |  1.0
Alchemy        | 4 5 6 7 |  7.1
Dodging        | |  2.4
Stealth        | |  3.4
Spellcasting   | |  2.1

Action                     |  1- 3 |  4- 6 || total
---------------------------+-------+-------++-------
  Melee: Club              |     8 |       ||     8
         Short sword       |    27 |    23 ||    50
         Unarmed           |     3 |       ||     3
         Bite              |     3 |     1 ||     4
         Punch             |     1 |       ||     1
   Cast: Sting             |    72 |    45 ||   117
         Olgreb's Toxic Ra |       |     9 ||     9
Ability: Exsanguinate      |       |     1 ||     1
 Armour: Robe              |    35 |    25 ||    60
  Dodge: Dodged            |    36 |    31 ||    67
